 Dungeon Crawl Stone Soup version 0.21-a0-186-g02e8684 (webtiles) character file.

111 aurelian the Chucker (level 4, -3/44 HPs)
             Began as a Troll Hunter on Aug 13, 2017.
             Was an Initiate of Cheibriados.
             Killed by nerve-wracking pain
             ... invoked by a shadow imp
             ... summoned by enarc13's ghost
              (7 damage)
             ... on level 4 of the Dungeon.
             The game lasted 00:05:43 (1886 turns).

aurelian the Chucker (Troll Hunter)                 Turns: 1886, Time: 00:05:43

Health: -3/44      AC:  5    Str: 21    XL:     4   Next: 62%
Magic:  3/3        EV: 10    Int:  8    God:    Cheibriados [......]
Gold:   94         SH:  0    Dex: 12    Spells: 3/3 levels left

rFire    . . .     SeeInvis .     - Unarmed
rCold    . . .     Gourm    +   (no shield)
rNeg     . . .     Faith    .   b - +0 robe
rPois    .         Spirit   .   (helmet restricted)
rElec    .         Reflect  .   (no cloak)
rCorr    .         Harm     .   (gloves unavailable)
MR       .....                  (boots unavailable)
Stlth    +.........             (no amulet)
HPRegen  0.54/turn              (no ring)
MPRegen  0.08/turn              (no ring)

@: very slightly contaminated, invisible, very slow
A: unfitting armour, claws 3, fast metabolism 3, gourmand, regeneration 1,
shaggy fur 1, tough skin 2
a: Bend Time, Renounce Religion


You were on level 4 of the Dungeon.
You worshipped Cheibriados.
Cheibriados was noncommittal.
You were very full.

You visited 1 branch of the dungeon, and saw 4 of its levels.

You collected 94 gold pieces.

Inventory:

Hand Weapons
 a - a +0 short sword
Missiles
 c - 9 large rocks (quivered)
 d - 2 throwing nets
 o - 25 stones
Armour
 b - a +0 robe (worn)
 t - a +0 large shield
Jewellery
 j - a cursed ring of loudness {unknown}
 p - an uncursed amulet of rage {unknown}
Scrolls
 h - a scroll of magic mapping {unknown}
 k - 2 scrolls of random uselessness
 l - a scroll of remove curse {unknown}
 m - a scroll of teleportation {unknown}
Potions
 e - a potion of brilliance
 r - a potion of ambrosia {unknown}
 s - a potion of heal wounds {unknown}
 u - a potion of curing {unknown}
Comestibles
 f - 3 bread rations
 n - a royal jelly
 q - a meat ration


   Skills:
 + Level 2.8 Fighting
 - Level 3.6 Throwing
 - Level 1.5 Dodging
 - Level 0.3 Stealth
 * Level 3.0 Unarmed Combat
 + Level 0.8 Invocations


You had 3 spell levels left.
You didn't know any spells.

Dungeon Overview and Level Annotations

Branches:
Dungeon (4/15)
 Temple: D:4-7

Altars:
Cheibriados
Gozag
Okawaru
Wu Jian
Yredelemnul

Annotations:
D:3 Lookapuppie's ghost, amateur TrFi
D:4 enarc13's ghost, amateur TeSu


Innate Abilities, Weirdness & Mutations

You are too large for most types of armour.
You have claws for hands.
Your metabolism is lightning-fast.
You like to eat raw meat.
Your natural rate of healing is unusually fast.
You are covered in fur. (AC +1)
You have very tough skin. (AC +2)


Message History

You strike the helpless white imp from behind!
You claw the white imp!
You kill the white imp!
The shadow imp gestures at you. Pain shoots through your body!
* * * LOW HITPOINT WARNING * * *
You strike the helpless rat from behind!
You claw the rat!
You kill the rat!
The rat's corpse disappears in a puff of smoke!
The shadow imp closely misses you.
You closely miss the shadow imp. The shadow imp gestures at you.
Pain shoots through your body!
* * * LOW HITPOINT WARNING * * *
You scratch the shadow imp.
The shadow imp is heavily wounded.
The shadow imp gestures at you. Pain shoots through your body!
You die...

### #<# ####### #.#
......#
#########.###......#
.......รท.W5@'......'
.......##r###......#
######. #.# ......#
#.##W# ......# #..#.#
......# ##.#5#
....... #.rr# .######
##..# .# #..#


You could see enarc13's ghost, a river rat and a shadow imp.

Vanquished Creatures
  An iguana (D:4)
  Terence (D:3)
  3 adders
  A worm (D:3)
  A dart slug (D:1)
  2 leopard geckos (D:1)
  A giant cockroach (D:1)
  3 goblins
  5 hobgoblins
  7 jackals
  3 quokkas
  3 ball pythons
  A bat (D:3)
  4 frilled lizards
  8 kobolds
  4 rats
48 creatures vanquished.

Notes
Turn   | Place    | Note
-------+----------+-------------------------------------------
     0 | D:1      | aurelian the Troll Hunter began the quest for the Orb.
     0 | D:1      | Reached XP level 1. HP: 19/19 MP: 0/0
   109 | D:1      | Reached skill level 1 in Unarmed Combat
   114 | D:1      | Reached XP level 2. HP: 28/28 MP: 1/1
   925 | D:2      | Reached XP level 3. HP: 32/35 MP: 2/2
  1500 | D:2      | Found an ornate altar of the Wu Jian Council.
  1505 | D:2      | Found a basalt altar of Yredelemnul.
  1506 | D:2      | Found a snail-covered altar of Cheibriados.
  1515 | D:2      | Found an opulent altar of Gozag.
  1516 | D:2      | Found an iron altar of Okawaru.
  1521 | D:2      | Became a worshipper of Cheibriados the Contemplative
  1598 | D:3      | Noticed Terence
  1608 | D:3      | Killed Terence
  1608 | D:3      | Reached XP level 4. HP: 44/44 MP: 3/3
  1736 | D:3      | Noticed Lookapuppie's ghost (amateur TrFi)
  1861 | D:4      | Noticed enarc13's ghost (amateur TeSu)
  1886 | D:4      | Killed from afar by a shadow imp

Vault maps used:
D:1:      shiori_shiawase
D:2:      minitemple
D:3:      uniq_terence, uniq_ijyb
D:4:      first_bread

Skill      XL: |  1  2  3  4 |
---------------+-------------+-----
Unarmed Combat | 1 2 3 |  3.0
Fighting       | 2 |  2.8
Throwing       | |  3.6
Dodging        | |  1.5
Stealth        | |  0.3
Invocations    | |  0.8

Action                   |  1- 3 |  4- 6 || total
-------------------------+-------+-------++-------
Melee: Unarmed           |   134 |    40 ||   174
       Punch             |       |     1 ||     1
Throw: Large rock        |     4 |       ||     4
  Use: Scroll            |       |     3 ||     3
       Potion            |       |     1 ||     1
 Stab: Sleeping          |     4 |       ||     4
       Invisible         |       |     2 ||     2
  Eat: Chunk             |    13 |    10 ||    23
Armor: Robe              |    32 |     9 ||    41
Dodge: Dodged            |    58 |    23 ||    81
